 Dungeon Crawl Stone Soup version 0.26.0-16-gc1dbca0489 (webtiles) character file.

Game seed: 7144368432682502773

81 thiole the Sneak (level 4, -6/27 HPs)
             Began as an Octopode Hedge Wizard on Jan 22, 2021.
             Was an Initiate of Gozag.
             Killed from afar by a white imp (9 damage)
             ... with a puff of frost
             ... on level 2 of the Dungeon.
             The game lasted 00:02:54 (1855 turns).

thiole the Sneak (Octopode Hedge Wizard)            Turns: 1855, Time: 00:02:55

Health: -6/27      AC:  2    Str:  9    XL:     4   Next: 42%
Magic:  9/9        EV: 13    Int: 17    God:    Gozag
Gold:   82         SH:  0    Dex: 11    Spells: 1/9 levels left

rFire    . . .     SeeInvis .   l - +0 dagger (speed)
rCold    . . .     Faith    .   (no shield)
rNeg     . . .     Spirit   .   b - +1 hat
rPois    .         Reflect  .   (no amulet)
rElec    .         Harm     .   f - ring of resist corrosion
rCorr    +         Rampage  .   (no ring)
Will     .....                  (no ring)
Stlth    +++.......             (no ring)
HPRegen  0.09/turn              (no ring)
MPRegen  0.11/turn              (no ring)
                                (no ring)
                                (no ring)

@: gold aura
A: almost no armour, stealthy swim, amphibious, 8 rings, constrict 8, camouflage
1, gelatinous body 1
a: Renounce Religion, Potion Petition, Call Merchant, Bribe Branch


You were on level 2 of the Dungeon.
You worshipped Gozag.
Gozag was noncommittal.
You visited 1 branch of the dungeon, and saw 2 of its levels.

You collected 119 gold pieces.
You paid 37 gold pieces to Gozag.

Inventory:

Hand Weapons
 a - a +0 dagger
 l - a +0 dagger of speed (weapon)
Armour
 b - a +1 hat (worn)
Jewellery
 f - a ring of resist corrosion (left tentacle)
 i - an uncursed ring of see invisible {unknown}
Scrolls
 d - a scroll of fear {unknown}
 k - a scroll of blinking {unknown}
 n - a scroll of identify
 o - a scroll of remove curse {unknown}
 p - a scroll of enchant armour
Potions
 c - a potion of magic
 g - a potion of haste {unknown}
 h - a potion of resistance {unknown}
 j - a potion of ambrosia {unknown}
 m - a potion of lignification {unknown}
 q - a potion of curing {unknown}


   Skills:
 - Level 2.0 Dodging
 + Level 3.9 Stealth
 + Level 3.4 Spellcasting
 - Level 2.0 Conjurations
 - Level 2.0 Summonings
 - Level 1.0 Translocations
 + Level 1.2 Air Magic


You had one spell level left.
You knew the following spells:

 Your Spells              Type           Power        Failure   Level
a - Magic Dart            Conj           36%          8%          1
b - Call Imp              Summ           9%           11%         2
c - Slow                  Hex            2%           26%         2
d - Mephitic Cloud        Conj/Pois/Air  6%           32%         3

Your spell library contained the following spells:

 Spells                   Type           Power        Failure   Level
 Blink                    Tloc           N/A          17%         2
 Conjure Flame            Conj/Fire      6%           32%         3


Dungeon Overview and Level Annotations

Branches:
Dungeon (2/15)

Altars:
Fedhas
Gozag


Innate Abilities, Weirdness & Mutations

You cannot wear most types of armour.
You are very stealthy in the water. (Stealth+)
You are amphibious.
You can wear up to eight rings at the same time.
You can use your tentacles to constrict eight enemies at once.
Your skin changes colour to match your surroundings (Stealth+).
Your rubbery body absorbs attacks. (AC +1, EV +1)


Message History

The magic dart hits the white imp.
The white imp is moderately wounded.
The white imp gestures at you. The puff of frost hits you!
* * * LOW HITPOINT WARNING * * *
It was a potion of magic.
Magic courses through your body.
It was a potion of cancellation.
You feel magically purged. The white imp gestures at you.
The puff of frost misses you.
A goblin comes into view.
The white imp lashes its tail.
The ball python misses you. The ball python grabs you.
* * * LOW HITPOINT WARNING * * *
The ball python constricts you.
You hit the ball python. You grab the ball python. You squeeze the ball python.
You kill the ball python!
The white imp gestures at you. The puff of frost hits you!
You die...
Your body crumbles into a pile of gold.

#######.##
#..[.......... # #..#
#.############ # ##.##
#.# # #._# #.# ##.#
#÷# #.# #.#
#.####'########
########..÷..........#
.............>.@.....#
########.......$.....#
#.............#
#.............#
#.............#
#.............#
#......5......#
#......g......#
##.....######


You could see a white imp and a goblin (wandering).

Vanquished Creatures
  3 adders (D:2)
  3 worms (D:2)
  A dart slug (D:1)
  A leopard gecko (D:1)
  6 bats
  5 goblins (D:1)
  6 hobgoblins
  7 kobolds
  A ball python (D:2)
  4 frilled lizards
  9 rats
46 creatures vanquished.

Notes
Turn   | Place    | Note
-------+----------+-------------------------------------------
     0 | D:1      | thiole the Octopode Hedge Wizard began the quest for the
                  | Orb.
     0 | D:1      | Reached XP level 1. HP: 11/11 MP: 4/4
   179 | D:1      | Reached XP level 2. HP: 17/17 MP: 3/6
   492 | D:1      | Learned a level 2 spell: Call Imp
   495 | D:1      | Learned a level 2 spell: Slow
   668 | D:1      | Reached XP level 3. HP: 21/21 MP: 3/7
   672 | D:1      | Learned a level 3 spell: Mephitic Cloud
  1540 | D:2      | Found a blossoming altar of Fedhas.
  1597 | D:2      | Reached skill level 1 in Air Magic
  1597 | D:2      | Reached XP level 4. HP: 27/27 MP: 3/8
  1601 | D:2      | Found an opulent altar of Gozag.
  1631 | D:2      | Became a worshipper of Gozag Ym Sagoz the Greedy
  1855 | D:2      | Killed from afar by a white imp

Illustrated notes

Levels and vault maps discovered:
D:1:      enne_arrival_octagon_isle, layout_loops_ring, st_stairs_9
D:2:      layout_basic, overflow_temple_1_default, overflow_temple_1_default,
          minmay_tiny_reverse_x

Skill      XL: |  1  2  3 |
---------------+----------+-----
Stealth        | 3 |  3.9
Summonings     | 2 |  2.0
Conjurations   | 2 |  2.0
Air Magic      | 1 |  1.2
Dodging        | |  2.0
Spellcasting   | |  3.4
Translocations | |  1.0

Action                   |  1- 3 |  4- 6 || total
-------------------------+-------+-------++-------
Melee: Dagger            |    34 |    25 ||    59
       Constrict         |     9 |     4 ||    13
       Tentacles         |     3 |     4 ||     7
 Cast: Magic Dart        |    73 |    13 ||    86
  Use: Scroll            |     2 |       ||     2
       Potion            |       |     2 ||     2
 Stab: Sleeping          |     1 |       ||     1
Armor: Skin              |     2 |     1 ||     3
Dodge: Dodged            |    19 |     8 ||    27
